 Dungeon Crawl Stone Soup version 0.19-a0-1107-gc676ff4 (webtiles) character file.

19263 Duffy the Cleaver (level 12, -4/159 HPs)
             Began as a Centaur Gladiator on Aug 9, 2016.
             Was an Elder of Trog.
             Slain by a 13-headed hydra (6 damage)
             ... on level 2 of the Lair of Beasts.
             The game lasted 00:26:33 (19258 turns).

Duffy the Cleaver (Centaur Gladiator)              Turns: 19258, Time: 00:26:34

Health: -4/159     AC: 15    Str: 31    XL:     12   Next: 35%
Magic:  0/16       EV:  4    Int:  8    God:    Trog [****..]
Gold:   363        SH: 10    Dex: 12    Spells: 0 memorised, 11 levels left

rFire  . . .     SeeInvis .     a - +0 war axe
rCold  . . .     Gourm    .     T - +0 plate armour
rNeg   . . .     Faith    .     R - +2 shield
rPois  .         Spirit   +     P - +2 hat {MR+}
rElec  .         Dismiss  .     t - +0 cloak
rCorr  .         Reflect  .     I - +0 pair of gloves
SustAt .         Harm     .     (no barding)
MR     +....                    G - amulet of guardian spirit
Stlth  ..........               (no ring)
                                F - +6 ring of strength

@: berserking, drained, very quick
A: hooves 3, deformed body, speed 2, tough skin 3
a: Berserk, Trog's Hand, Brothers in Arms, Burn Spellbooks, Renounce Religion


You were on level 2 of the Lair of Beasts.
You worshipped Trog.
Trog was greatly pleased with you.
You were very hungry.

You visited 2 branches of the dungeon, and saw 14 of its levels.
You also visited: Ossuary.

You collected 651 gold pieces.
You spent 288 gold pieces at shops.


Innate Abilities, Weirdness & Mutations

You have hooves in place of feet.
Armour fits poorly on your strangely shaped body.
You cover ground very quickly.
You have extremely tough skin. (AC +3)


   Skills:
 - Level 10.0(9.9) Fighting
 + Level 12.6(12.5) Axes
 - Level 5.0(4.9) Throwing
 + Level 5.8 Armour
 - Level 4.0 Dodging
 + Level 6.3 Evocations


You had 11 spell levels left.
You didn't know any spells.

Inventory:

Hand Weapons
 a - a +0 war axe (weapon)
 r - a +1 scimitar of flaming
 u - a +0 blowgun
Missiles
 d - 4 throwing nets (quivered)
 v - 2 poisoned javelins
 y - 22 poisoned needles
 W - 6 tomahawks of dispersal
 Z - 7 silver javelins
Armour
 t - a +0 cloak (worn)
 I - a +0 pair of gloves (worn)
 P - a +2 hat of magic resistance (worn)
 R - a +2 shield (worn)
 T - a +0 plate armour (worn)
Jewellery
 b - an uncursed amulet of regeneration
 F - a +6 ring of strength (left hand)
 G - an amulet of guardian spirit (around neck)
Wands
 c - a wand of paralysis (0/24)
 p - a wand of disintegration (3/24)
 O - a wand of random effects (15/48)
 S - a wand of flame (18/48)
 V - a wand of polymorph (4/24)
 Y - a wand of enslavement (13/24)
Scrolls
 j - 6 scrolls of remove curse
 k - 2 scrolls of vulnerability
 l - 5 scrolls of enchant armour
 q - 3 scrolls of fog
 w - a scroll of enchant weapon
 z - a scroll of silence
 A - 2 scrolls of recharging
 C - 6 scrolls of teleportation
 D - a scroll of fear
 E - 3 scrolls of magic mapping
 H - a scroll of blinking
 N - a scroll of immolation
Potions
 e - 4 potions of lignification
 g - 2 potions of might
 h - 6 potions of curing
 m - a potion of ambrosia
 o - 2 potions of cancellation
 s - 5 potions of flight
 x - a potion of heal wounds {unknown}
 B - 2 potions of magic
 K - a potion of resistance {unknown}
 L - a potion of cure mutation {unknown}
 M - 2 potions of invisibility {unknown}
 Q - a potion of berserk rage {unknown}
 U - a potion of degeneration {unknown}
 X - a potion of beneficial mutation {unknown}
Comestibles
 f - 5 bread rations
 n - 5 meat rations
 J - 8 fruits

Dungeon Overview and Level Annotations

Branches:
Dungeon (12/15)            Temple (0/1) D:6            Lair (2/6) D:9
    Orc (0/2) D:10
  Swamp: Lair:2-4    Shoals: Lair:2-4     Snake: Lair:2-4    Spider: Lair:2-4

Altars:
Cheibriados
Dithmenos
Elyvilon
Kikubaaqudgha
Pakellas
Qazlal
Ru
Sif Muna
Trog
Yredelemnul
Zin

Shops:
D:5 ?


Message History

You block the spriggan's attack. The nine-headed hydra bites you!
The nine-headed hydra bites you but does no damage.
The nine-headed hydra bites you! The nine-headed hydra bites you. x2
The nine-headed hydra bites you but does no damage. x4
The spriggan hits you but does no damage.
You slice one of the nine-headed hydra's heads off!
The eight-headed hydra grows two more!
You slash the ten-headed hydra! You kick the ten-headed hydra.
The ten-headed hydra is moderately wounded.
You closely miss the spriggan.
Your shield and plate armour prevent you from hitting the spriggan.
The spriggan hits you but does no damage.
You barely miss the ten-headed hydra. You kick the ten-headed hydra!
The ten-headed hydra is heavily wounded.
You closely miss the spriggan. You slash the spriggan!
You block the ten-headed hydra's attack.
The ten-headed hydra bites you. x2; The ten-headed hydra bites you!
The ten-headed hydra bites you but does no damage. x3
The ten-headed hydra bites you.
You block the ten-headed hydra's attack.
The ten-headed hydra bites you but does no damage.
You block the spriggan's attack.
The spriggan hits you with a short sword.
You lop one of the ten-headed hydra's heads off!
The nine-headed hydra grows two more!
You slash the 11-headed hydra! You kick the 11-headed hydra!
The 11-headed hydra is severely wounded.
Your shield and plate armour prevent you from hitting the spriggan.
You miss the spriggan.
The 11-headed hydra bites you but does no damage. x4
You block the 11-headed hydra's attack. x2; The 11-headed hydra bites you!
The 11-headed hydra bites you but does no damage.
The 11-headed hydra barely misses you. You block the 11-headed hydra's attack.
The 11-headed hydra bites you!
The spriggan hits you with a short sword!
You lop one of the 11-headed hydra's heads off!
The ten-headed hydra grows two more!
You slash the 12-headed hydra! You kick the 12-headed hydra.
The 12-headed hydra is severely wounded.
You slash the spriggan!
You kill the spriggan!
Trog accepts your kill.
You closely miss the spriggan.
The spriggan hits you but does no damage.
You hack one of the 12-headed hydra's heads off!
The 11-headed hydra grows two more!
You slash the 13-headed hydra! You kick the 13-headed hydra!
The 13-headed hydra is almost dead.
You closely miss the spriggan. The 13-headed hydra bites you.
You die... 77 77 7777. 77. 7....77 7777777.7 7.)D7 777777......77 7.i@777...7.7777777 77......77.77 77777777777

# #### #####...
################.......
.......<...........##+.
......#.#..P..#........
.......................


You could see a 13-headed hydra and a spriggan.

Action                   |  1- 3 |  4- 6 |  7- 9 | 10-12 || total
-------------------------+-------+-------+-------+-------++-------
Melee: War axe           |   114 |   187 |   325 |   764 ||  1390
       Kick              |    16 |    44 |    99 |   266 ||   425
       Unarmed           |   100 |       |       |       ||   100
Invok: Burn Spellbooks   |       |       |     1 |     1 ||     2
       Berserk           |       |       |     5 |    19 ||    24
       Trog's Hand       |       |       |       |     1 ||     1
Evoke: Wand              |       |       |       |     6 ||     6
  Use: Scroll            |       |       |    10 |     9 ||    19
       Potion            |       |       |       |     1 ||     1
  Eat: Chunk             |     3 |     8 |    14 |    23 ||    48
       Royal jelly       |       |       |       |     4 ||     4
       Bread ration      |       |       |       |     3 ||     3
       Beef jerky        |       |       |       |     2 ||     2
       Pizza             |       |       |       |     1 ||     1
       Fruit             |       |       |       |     6 ||     6
Armor: Leather armour    |    22 |       |       |       ||    22
       Scale mail        |    42 |       |       |       ||    42
       Chain mail        |     2 |   122 |   223 |   148 ||   495
       Plate armour      |       |       |       |   287 ||   287
       Skin              |       |       |       |    18 ||    18
Dodge: Dodged            |    97 |    52 |   109 |   193 ||   451
Block: Shield            |       |       |       |    55 ||    55

Notes
Turn   | Place    | Note
-------+----------+-------------------------------------------
     0 | D:1      | Duffy the Centaur Gladiator began the quest for the Orb.
     0 | D:1      | Reached XP level 1. HP: 17/17 MP: 1/1
    96 | D:1      | Reached skill level 3 in Axes
   333 | D:1      | Reached XP level 2. HP: 24/24 MP: 2/2
  1274 | D:2      | Reached XP level 3. HP: 29/29 MP: 3/3
  1373 | D:2      | Noticed Ijyb
  1822 | D:1      | Reached skill level 4 in Axes
  1927 | D:1      | Killed Ijyb
  2182 | D:1      | Reached XP level 4. HP: 35/36 MP: 4/4
  2339 | D:2      | Found a runed door.
  2372 | D:2      | Noticed Terence
  2386 | D:2      | Killed Terence
  2386 | D:2      | Reached skill level 5 in Axes
  2486 | D:2      | Found a basalt altar of Yredelemnul.
  2568 | D:2      | Noticed Crazy Yiuf
  2571 | D:2      | Killed Crazy Yiuf
  2571 | D:2      | Reached XP level 5. HP: 27/41 MP: 5/5
  2736 | D:3      | Noticed a black bear
  2746 | D:3      | Killed a black bear
  2746 | D:3      | Reached skill level 6 in Axes
  3270 | D:3      | Reached XP level 6. HP: 48/48 MP: 3/6
  3271 | D:3      | Noticed Leszczynek's ghost (amateur HEAM)
  3480 | D:3      | Killed Leszczynek's ghost
  3668 | D:3      | Reached skill level 3 in Fighting
  4088 | D:3      | Found a deep blue altar of Sif Muna.
  4088 | D:3      | Found a white marble altar of Elyvilon.
  4089 | D:3      | Found a sacrificial altar of Ru.
  4880 | D:4      | Found a shadowy altar of Dithmenos.
  4886 | D:4      | Found a stormy altar of Qazlal.
  4948 | D:4      | Reached skill level 4 in Fighting
  4948 | D:4      | Reached XP level 7. HP: 58/59 MP: 7/7
  5066 | D:4      | Found a glowing silver altar of Zin.
  5222 | D:4      | Found a bloodstained altar of Trog.
  5415 | D:4      | Became a worshipper of Trog the Wrathful
  5441 | D:5      | Entered Level 5 of the Dungeon
  5486 | D:5      | Reached skill level 7 in Axes
  5960 | D:5      | Found Kaodum's Magic Scroll Shoppe.
  5967 | D:5      | Bought a scroll of identify for 24 gold pieces
  5967 | D:5      | Bought a scroll of blinking for 90 gold pieces
  5967 | D:5      | Bought a scroll of teleportation for 36 gold pieces
  5967 | D:5      | Bought a scroll of random uselessness for 12 gold pieces
  6130 | D:5      | Found an oddly glowing altar of Pakellas.
  6133 | D:5      | Noticed a boulder beetle
  6148 | D:5      | Killed a boulder beetle
  6299 | D:5      | Reached skill level 5 in Fighting
  6336 | D:6      | Found a snail-covered altar of Cheibriados.
  6467 | D:6      | Reached * piety under Trog
  6467 | D:6      | Reached XP level 8. HP: 63/69 MP: 8/8
  6736 | D:6      | Reached skill level 6 in Fighting
  6736 | D:6      | Reached skill level 8 in Axes
  6781 | D:6      | Noticed ximxim's ghost (novice NaTm)
  6803 | D:6      | Killed ximxim's ghost
  6803 | D:6      | Reached skill level 7 in Fighting
  6882 | D:6      | Found a staircase to the Ecumenical Temple.
  7006 | D:6      | Found an ancient bone altar of Kikubaaqudgha.
  7029 | D:6      | Reached skill level 9 in Axes
  7235 | D:5      | Bought a scroll of teleportation for 36 gold pieces
  7235 | D:5      | Bought a scroll of enchant armour for 90 gold pieces
  7311 | D:7      | Reached XP level 9. HP: 79/79 MP: 9/9
  7488 | D:7      | Noticed Joseph
  7518 | D:7      | Noticed Pikel
  7519 | D:7      | Killed Joseph
  7519 | D:7      | Reached skill level 8 in Fighting
  7519 | D:7      | Reached skill level 3 in Throwing
  7536 | D:7      | Killed Pikel
  7536 | D:7      | Reached skill level 4 in Throwing
  7662 | D:7      | Reached ** piety under Trog
  7870 | D:7      | Reached skill level 10 in Axes
  7961 | D:7      | Reached skill level 9 in Fighting
  8025 | D:7      | Reached skill level 5 in Throwing
  8206 | D:7      | Reached XP level 10. HP: 74/91 MP: 10/10
  8653 | D:8      | Noticed Gastronok
  8678 | D:8      | Killed Gastronok
  8678 | D:8      | Reached skill level 3 in Dodging
  8684 | D:8      | Noticed Maurice
  8926 | D:8      | Reached skill level 4 in Dodging
  8972 | D:8      | Found a sand-covered staircase.
  8981 | Ossuary  | Entered an ossuary
  9170 | Ossuary  | Reached skill level 10 in Fighting
 12021 | D:8      | Killed Maurice
 12021 | D:8      | Reached skill level 1 in Armour
 12407 | D:9      | Reached skill level 11 in Axes
 12561 | D:9      | Found a staircase to the Lair.
 12582 | D:9      | Reached *** piety under Trog
 12583 | D:9      | Reached skill level 2 in Armour
 13263 | D:9      | Found a basalt altar of Yredelemnul.
 13371 | D:9      | You fall through a shaft for 2 floors!
 13413 | D:11     | Reached skill level 1 in Evocations
 13413 | D:11     | Reached XP level 11. HP: 99/99 MP: 11/11
 13459 | D:10     | Entered Level 10 of the Dungeon
 13950 | D:10     | Reached skill level 2 in Evocations
 14027 | D:10     | Reached skill level 3 in Armour
 14134 | D:10     | Reached **** piety under Trog
 14184 | D:10     | Noticed a hill giant
 14193 | D:10     | Killed a hill giant
 14193 | D:10     | Received a gift from Trog
 14193 | D:10     | Reached skill level 3 in Evocations
 14404 | D:10     | Found a staircase to the Orcish Mines.
 14641 | D:11     | Noticed Erica
 14677 | D:11     | Killed Erica
 15061 | D:11     | Received a gift from Trog
 15061 | D:11     | Reached skill level 4 in Armour
 15221 | D:11     | Noticed a purple ugly thing
 15230 | D:11     | Reached skill level 4 in Evocations
 15246 | D:11     | Killed a purple ugly thing
 15933 | D:12     | Reached skill level 12 in Axes
 16561 | D:12     | Reached skill level 5 in Evocations
 16756 | D:12     | Noticed a white ugly thing
 16764 | D:12     | Killed a white ugly thing
 16898 | D:12     | Reached skill level 5 in Armour
 16989 | D:12     | Reached XP level 12. HP: 44/106 MP: 5/16
 17556 | Lair:1   | Entered Level 1 of the Lair of Beasts
 17675 | Lair:1   | Received a gift from Trog
 18629 | Lair:2   | Paralysed by a wasp for 3 turns
 18909 | Lair:2   | Noticed a seven-headed hydra
 18964 | Lair:2   | Noticed a storm dragon
 18964 | Lair:2   | a seven-headed hydra changed into a storm dragon
 18977 | Lair:2   | Killed a storm dragon
 18977 | Lair:2   | Reached skill level 6 in Evocations
 19247 | Lair:2   | Noticed a five-headed hydra
 19258 | Lair:2   | Slain by a 13-headed hydra

Skill      XL: |  1  2  3  4  5  6  7  8  9 10 11 12 |
---------------+-------------------------------------+-----
Axes           | 3 4 5 6 7 9 10 11 12 | 12.6
Fighting       | 4 5 7 9 10 | 10.0
Throwing       | 5 |  5.0
Dodging        | 4 |  4.0
Armour         | 2 5 |  5.8
Evocations     | 1 5 6 |  6.3

Vault maps used:
D:1:      moated_graveyard_arrival, serial_corexii_hall,
          corexii_hall_statues_deadend, corexii_hall_statues_deadend,
          corexii_corridor_pit, minmay_misc_feat_secret_circle,
          minmay_misc_feat_doors
D:2:      lemuel_doored_altar, uniq_crazy_yiuf_cottage, uniq_iyjb, uniq_terence
D:3:      gammafunk_temple_overflow_forgotten, serial_forest,
          infiniplex_forest_lined_4_way, infiniplex_forest_clump_medium,
          infiniplex_forest_clump_tiny, infiniplex_forest_clump_tiny,
          infiniplex_forest_clump_curved, infiniplex_forest_clump_long,
          infiniplex_forest_clump_curved, first_bread
D:4:      black_bear_nest_1, lightli_temple_of_fire, zin_scriptorium, minitemple
D:5:      serial_shops, shop_scrolls, eino_small_chamber_without_monster,
          gammafunk_pakellas_spire_experiment
D:6:      lemuel_round_altar, nicolae_overflow_crystal_walls,
          minmay_misc_feat_four_crosses
D:7:      kennysheep_generic_room_16, uniq_pikel, uniq_joseph
D:8:      nicolae_ossuary_entry_monument, uniq_gastronok, uniq_maurice
D:9:      lair_0_dummy, basic_altar
D:11:     uniq_erica
Lair:2:   kb_forest_paths, serial_bayou, serial_bayou_shore_b,
          serial_bayou_lake_a, serial_bayou_pond_e, serial_bayou_ford_a
Ossuary:  ossuary_due_small_catacomb

Vanquished Creatures
  Gastronok
  A storm dragon Erica
  The ghost of ximxim the Grappler, a novice NaTm of Cheibriados
  A hill giant Pikel
  A manticore
  2 ugly things Joseph Maurice
  A centaur zombie
  A black mamba
  A gargoyle
  A spiny frog
  4 trolls
  4 slime creatures
  A boulder beetle
  3 spriggans
  A wyvern
  2 steam dragons
  3 hungry ghosts
  4 yaks
  4 hippogriffs
  3 water moccasins
  3 porcupines
  4 ice beasts
  4 phantoms
  3 slaves
  4 black bears
  3 orc warriors
  A wasp
  5 ogres
  5 centaurs
  2 sky beasts
  The ghost of Leszczynek the Shooter, an amateur HEAM
  2 crocodiles
  A big kobold
  11 giant frogs
  A wyvern zombie
  A gnoll sergeant
  A water moccasin zombie
  3 scorpions
  16 killer bees
  3 wights
  5 howler monkeys
  A crimson imp
  6 jellies
  4 giant frog zombies
  8 hounds
  3 giant frog skeletons
  3 orc priests Crazy Yiuf
  7 orc wizards Ijyb
  An iguana Terence
  8 worker ants
  A killer bee zombie
  A hound zombie
  14 mummies
  A worker ant zombie
  3 gnolls
  A howler monkey skeleton
  13 adders
  11 river rats
  4 shadow imps
  2 oozes
  An adder skeleton
  3 worms
  2 dart slugs
  9 giant geckos
  23 orcs
  3 bats
  4 giant cockroaches
  11 goblins
  5 hobgoblins
  16 jackals
  15 kobolds
  5 quokkas
  A giant cockroach zombie
  7 giant newts
  A gnoll skeleton
  2 goblin skeletons
  A jackal zombie
  3 kobold skeletons
  2 orc skeletons
  A quokka skeleton
  6 rats
  11 rat skeletons
  4 plants
354 creatures vanquished.
